 Dungeon Crawl Stone Soup version 0.25.1-9-gc5326a611f (webtiles) character file.

Game seed: 12159120242080302026

92 hawla the Conjurer (level 4, -1/33 HPs)
             Began as a Draconian Conjurer on Dec 25, 2020.
             Slain by a white imp (4 damage)
             ... summoned by Natasha
             ... on level 2 of the Dungeon.
             The game lasted 00:03:50 (1427 turns).

hawla the Conjurer (Draconian Conjurer)             Turns: 1427, Time: 00:03:50

Health: -1/33      AC:  5    Str: 10    XL:     4   Next: 35%
Magic:  0/9        EV: 12    Int: 16    God:
Gold:   56         SH:  0    Dex: 12    Spells: 3/10 levels left

rFire    . . .     SeeInvis .   (no weapon)
rCold    . . .     Gourm    .   (no shield)
rNeg     . . .     Faith    .   (armour unavailable)
rPois    .         Spirit   .   (helmet restricted)
rElec    .         Reflect  .   (no cloak)
rCorr    .         Harm     .   (no gloves)
MR       .....                  (no boots)
Stlth    ++........             (no amulet)
HPRegen  0.11/turn              (no ring)
MPRegen  0.11/turn              (no ring)

@: flying, slowed, very slow
A: unfitting armour, cold-blooded, AC +5
a: no special abilities


You were on level 2 of the Dungeon.
You were not hungry.

You visited 1 branch of the dungeon, and saw 2 of its levels.

You collected 56 gold pieces.

Inventory:

Missiles
 d - 9 poisoned darts (quivered)
Scrolls
 a - a scroll of magic mapping {unknown}
 c - a scroll of teleportation {unknown}
 g - a scroll of enchant armour {unknown}
Comestibles
 b - 4 rations
 f - a chunk of flesh


   Skills:
 - Level 1.7 Dodging
 - Level 1.7 Stealth
 + Level 3.6 Spellcasting
 + Level 4.7 Conjurations
 + Level 0.1 Translocations


You had 3 spell levels left.
You knew the following spells:

 Your Spells              Type           Power        Failure   Level  Hunger
a - Magic Dart            Conj           ###.         2%          1    None
b - Searing Ray           Conj           ###...       3%          2    ##.....
c - Iskenderun's Mystic   Conj/Tloc      ##......     54%         4    ####...

Your spell library contained the following spells:

 Spells                   Type           Power        Failure   Level  Hunger
 Dazzling Flash           Conj/Hex       ##....       21%         3    ###....
 Fulminant Prism          Conj/Hex       ##........   54%         4    ####...


Dungeon Overview and Level Annotations

Branches:
Dungeon (2/15)

Altars:
Okawaru

Annotations:
D:2 Natasha


Innate Abilities, Weirdness & Mutations

Your plain brown scales are hard. (AC +5)
You cannot fit into any form of body armour.
You are cold-blooded and may be slowed by cold attacks.


Message History

Natasha howls an incantation.
Natasha shimmers violently.
Natasha misses you. The crimson imp closely misses you.
You miss Natasha.
Natasha is heavily wounded.
The white imp grins evilly.
The white imp gestures at you. The puff of frost hits you.
Natasha casts a spell at you. The magic dart hits you.
The crimson imp blinks!
You barely miss Natasha.
Natasha is heavily wounded.
The white imp hits you. The white imp freezes you. Natasha claws you!
* * * LOW HITPOINT WARNING * * *
It was a potion of flight.
You feel very buoyant.
You fly up into the air.
The white imp hits you.
* * * LOW HITPOINT WARNING * * *
The white imp freezes you.
You feel yourself slow down.
You die...

###### ############ ###
#....# #........... ..#
#....# #........... ..#
#....# #........... #.#
#....# #......).?..
..###....####...........
.........'..'...5h......
#####....####...@....5..
## #....# #.....†..?..
... #....# #...........
##. ###### #########...
.. .# ## # ## .#


You could see Natasha, a crimson imp (summoned) and a white imp (summoned).

Vanquished Creatures
  Natasha (twice) (D:2)
  4 dart slugs
  3 leopard geckos
  4 giant cockroaches
  A goblin (D:1)
  6 hobgoblins
  6 bats
  2 frilled lizards (D:1)
  3 kobolds
  2 rats (D:1)
33 creatures vanquished.

Notes
Turn   | Place    | Note
-------+----------+-------------------------------------------
     0 | D:1      | hawla the Draconian Conjurer began the quest for the Orb.
     0 | D:1      | Reached XP level 1. HP: 14/14 MP: 3/3
   114 | D:1      | Reached XP level 2. HP: 5/20 MP: 0/5
   424 | D:1      | Learned a level 2 spell: Searing Ray
   835 | D:1      | Reached XP level 3. HP: 26/26 MP: 2/7
  1149 | D:2      | Noticed Natasha
  1152 | D:2      | Killed Natasha
  1169 | D:2      | Noticed Natasha
  1185 | D:2      | Killed Natasha
  1185 | D:2      | Reached XP level 4. HP: 27/33 MP: 0/9
  1199 | D:2      | Learned a level 4 spell: Iskenderun's Mystic Blast
  1352 | D:2      | Found an iron altar of Okawaru.
  1415 | D:2      | Noticed Natasha
  1427 | D:2      | Slain by a white imp

Illustrated notes

Levels and vault maps discovered:
D:1:      lightli_arrival_statue_moat, layout_basic
D:2:      layout_basic, okawaru_metal_pillars_1_2, uniq_natasha

Skill      XL: |  1  2  3 |
---------------+----------+-----
Spellcasting   | 3 |  3.6
Dodging        | |  1.7
Stealth        | |  1.7
Conjurations   | |  4.7
Translocations | |  0.1

Action                   |  1- 3 |  4- 6 || total
-------------------------+-------+-------++-------
Melee: Unarmed           |    37 |     5 ||    42
       Tailslap          |    10 |       ||    10
 Cast: Magic Dart        |    36 |    14 ||    50
       Searing Ray       |     7 |     3 ||    10
  Use: Potion            |     1 |     1 ||     2
  Eat: Chunk             |     2 |       ||     2
Armor: Skin              |    19 |     1 ||    20
Dodge: Dodged            |    60 |     9 ||    69
